 Dungeon Crawl Stone Soup version 0.31-a0-868-g674d60d6f7 (webtiles) character file.

Game seed: 7302609122432083664

17 ipx the Shield-Bearer (level 2, -4/16 HPs)
             Began as a Vine Stalker Fighter on Oct 11, 2023.
             Was a Follower of Elyvilon.
             Slain by a gnoll
             ... wielding a +0 halberd
              (9 damage)
             ... on level 2 of the Dungeon.
             The game lasted 00:02:35 (244 turns).

ipx the Shield-Bearer (Vine Stalker Fighter)         Turns: 244, Time: 00:02:36

Health: -4/16      AC:  6    Str: 18    XL:     2   Next: 62%
Magic:  0/3        EV:  9    Int:  8    God:    Elyvilon [*.....]
Gold:   21         SH:  4    Dex: 13    Spells: 1/1 levels left

rFire   . . .        a - +0 war axe
rCold   . . .        c - +0 buckler
rNeg    . . .        b - +0 scale mail
rPois   .            (no helmet)
rElec   .            (no cloak)
rCorr   .            (no gloves)
SInv    .            (no boots)
Will    .....        (no amulet) Stlth
                     (no ring)
HPRegen 1.02/turn    (no ring)
MPRegen 0.08/turn

%: guardian spirit
@: mighty, lethally poisoned (-4 -> -5), weak-willed
A: fangs 2, regeneration 1, magic shield, antimagic bite, no potion heal 2
a: Renounce Religion, Purification


You were on level 2 of the Dungeon.
You worshipped Elyvilon.
Elyvilon was aware of your devotion.
You visited 1 branch of the dungeon, and saw 2 of its levels.

You collected 21 gold pieces.

Inventory:

Hand Weapons
 a - a +0 war axe (weapon)
Missiles
 f - 5 poisoned darts
Armour
 b - a +0 scale mail (worn)
 c - a +0 buckler (worn)


   Skills:
 - Level 2.6 Fighting
 + Level 2.4 Axes
 - Level 2.4 Armour
 - Level 2.6 Shields
 + Level 1.3 Invocations


You had one spell level left.
You didn't know any spells.
Your spell library was empty.

Dungeon Overview and Level Annotations

Branches:
Dungeon (2/15)

Altars:
Elyvilon


Innate Abilities, Weirdness & Mutations

You have extremely sharp teeth.
Your natural rate of healing is unusually fast.
When hurt, damage is shared between your health and your magic reserves.
Your bite disrupts and absorbs the magic of your enemies.
Potions cannot restore your health.


Message History

The gnoll hits you from afar with a +0 spear.
The quokka bites you but does no damage.
The quokka bites you.
You barely miss the quokka. Your bite misses the quokka.
The quokka is almost dead.
The quokka closely misses you.
The gnoll hits you from afar with a +0 spear.
The gnoll hits you from afar with a +1 halberd of venom.
You are poisoned.
You feel very mighty all of a sudden.
You feel very sick. The quokka barely misses you.
The gnoll hits you from afar with a +0 spear.
* * * LOW HITPOINT WARNING * * *
The gnoll closely misses you. The quokka bites you.
* * * LOW HITPOINT WARNING * * *
It was a potion of curing.
Your system rejects the healing.
You feel better. The gnoll barely misses you. You block the gnoll's attack.
You block the quokka's attack.
As you read the scroll labelled WOQEADWIFEC, it crumbles to dust.
Magic quickly surges around you.
It was a scroll of vulnerability.
The quokka bites you but does no damage.
You block the gnoll's attack. The gnoll misses you.
As you read the scroll labelled ILUGEG HYR NIFF, it dissolves into smoke.
It was a scroll of fog.
You block the quokka's attack. The gnoll barely misses you.
You block the gnoll's attack. The quokka barely misses you.
You slice the quokka!!
You kill the quokka!
The hobgoblin hits you but does no damage.
You slash the hobgoblin!
You kill the hobgoblin!
The gnoll barely misses you. You block the gnoll's attack.
You see here a quokka corpse.
You barely miss the gnoll.
The gnoll hits you with a +1 halberd of venom!
You are poisoned.
The gnoll hits you from afar with a +0 halberd!
Ouch! That really hurt!
You die...

## .. #.###########
..#.S.......... .#
.........Sg###....
#.....g..g§g...#
#.##..####g##....#.
#. #g# ##.## # #@#
#...# #§# #...# #§#
#...# #§# #...#
#.##.###...#####.#
#.##..............
#.#########.####.#
####)#########.#
#..............#


You could see 2 gnolls.

Vanquished Creatures
  2 giant cockroaches (D:1)
  A goblin (D:1)
  3 hobgoblins
  2 jackals (D:1)
  2 quokkas
  2 frilled lizards (D:1)
  2 kobolds
14 creatures vanquished.

Notes
Turn   | Place    | Note
-------+----------+-------------------------------------------
     0 | D:1      | ipx the Vine Stalker Fighter began the quest for the Orb.
     0 | D:1      | Reached XP level 1. HP: 11/11 MP: 2/2
   101 | D:1      | Found a faded altar of an unknown god.
   104 | D:1      | Prayed at the altar of an unknown god.
   104 | D:1      | Became a worshipper of Elyvilon the Healer
   104 | D:1      | Reached * piety under Elyvilon
   171 | D:1      | Reached XP level 2. HP: 16/16 MP: 3/3
   182 | D:1      | Reached skill level 1 in Invocations
   193 | D:1      | You fall into a shaft and drop 1 floor!
   244 | D:2      | Slain by a gnoll

Illustrated notes

Levels and vault maps discovered:
D:1:      amcnicky_arrival_double_pillar, layout_basic,
          hellmonk_ecumenical_altar_heavens_door, grunt_decor_resistance,
          nrook_loot_triangle
D:2:      layout_basic

Skill      XL: |  1  2 |
---------------+-------+-----
Axes           | 2 |  2.4
Invocations    | 1 |  1.3
Fighting       | |  2.6
Armour         | |  2.4
Shields        | |  2.6

Action                     || total
---------------------------++-------
  Melee: War axe           ||    41
         Bite              ||     8
    Use: Scroll            ||     2
         Potion            ||     2
 Armour: Scale mail        ||    60
  Dodge: Dodged            ||    43
  Block: Buckler           ||    15

Table legend: (Time is in decaauts)
 A = Elapsed time spent in this place.
 B = Non-inter-level travel time spent in this place.
 C = Inter-level travel time spent in this place.
 D = Time resting spent in this place.
 E = Time spent auto-exploring this place.
 F = Levels seen in this place.
 G = Mean time per level.
                   A        B        C        D        E       F      G
               +--------+--------+--------+--------+--------+-----+--------+
         Total |    260 |    260 |      0 |      0 |      0 |   2 |  130.0 |
       Dungeon |    260 |    260 |      0 |      0 |      0 |   2 |  130.0 |
               +--------+--------+--------+--------+--------+-----+--------+

Top non-repeatable levels by time:
     D:1: 203 daAuts
     D:2: 56 daAuts
